 Dungeon Crawl Stone Soup version 0.19.5 (webtiles) character file.

135 Drleta the Ruffian (level 4, 0/36 HPs)
             Began as a Draconian Transmuter on Apr 10, 2017.
             Slain by a gnoll
             ... wielding a +0 club
              (2 damage)
             ... on level 4 of the Dungeon.
             The game lasted 00:35:09 (4269 turns).

Drleta the Ruffian (Draconian Transmuter)           Turns: 4269, Time: 00:35:10

Health: 0/36       AC:  7    Str: 13    XL:     4   Next: 97%
Magic:  5/7        EV: 12    Int: 13    God:
Gold:   114        SH:  0    Dex: 12    Spells: 2 memorised, 4 levels left

rFire  . . .     SeeInvis .       - Unarmed
rCold  . . .     Gourm    .     (armour unavailable)
rNeg   . . .     Faith    .     (no shield)
rPois  .         Spirit   .     (helmet restricted)
rElec  .         Reflect  .     l - +0 cloak
rCorr  .         Harm     .     (no gloves)
MR     .....                    o - +0 pair of boots
Stlth  ++........               (no amulet)
                                (no ring)
                                (no ring)

@: slowed, very slow
A: unfitting armour, cold-blooded, AC +5
a: no special abilities


You were on level 4 of the Dungeon.
You were not hungry.

You visited 1 branch of the dungeon, and saw 4 of its levels.

You collected 114 gold pieces.

Inventory:

Hand Weapons
 u - a +0 blowgun
Missiles
 a - 69 arrows
 i - 8 exploding tomahawks (quivered)
 k - 15 bolts
 p - 44 poisoned needles
Armour
 l - a +0 cloak (worn)
 o - a +0 pair of boots (worn)
Magical Staves
 t - an uncursed staff of earth {unknown}
Scrolls
 j - 2 scrolls of remove curse
 q - a scroll of magic mapping {unknown}
 r - 2 scrolls of random uselessness
 s - a scroll of teleportation
Potions
 e - a potion of magic
 f - a potion of agility
 g - a potion of degeneration
 h - 3 potions of heal wounds
 n - a potion of might {unknown}
Books
 b - a book of Changes

   Spells                             Type                      Level
   a - Beastly Appendage              Transmutation                1
   b - Sticks to Snakes               Transmutation                2
   c - Spider Form                    Transmutation/Poison         3
   d - Ice Form                       Ice/Transmutation            4
   e - Blade Hands                    Transmutation                5
 v - a book of Geomancy

   Spells                             Type                      Level
   a - Sandblast                      Earth                        1
   b - Passwall                       Transmutation/Earth          2
   c - Stone Arrow                    Conjuration/Earth            3
   d - Petrify                        Transmutation/Earth          4
   e - Lee's Rapid Deconstruction     Earth                        5
Comestibles
 c - 2 bread rations
 d - a meat ration
 m - 8 fruits


   Skills:
 * Level 2.2 Fighting
 + Level 2.4 Dodging
 * Level 1.7 Stealth
 + Level 4.2 Unarmed Combat
 + Level 2.1 Spellcasting
 + Level 2.2 Transmutations


You had 4 spell levels left.
You knew the following spells:

 Your Spells              Type           Power        Failure   Level  Hunger
a - Beastly Appendage     Tmut           #.....       12%         1    ##.....
b - Sticks to Snakes      Tmut           #.......     17%         2    ###....


Dungeon Overview and Level Annotations

Branches:
Dungeon (4/15)
 Temple: D:4-7

Altars:
Kikubaaqudgha


Innate Abilities, Weirdness & Mutations

Your plain brown scales are hard. (AC +5)
You cannot fit into any form of body armour.
You are cold-blooded and may be slowed by cold attacks.


Message History

As you open the door, it creaks loudly!
The gnoll shouts!
The gnoll closely misses you. The gnoll completely misses you.
There is an open door here.
You hit the gnoll.
The gnoll is moderately wounded.
The gnoll hits you with a club.
You punch the gnoll!
The gnoll is severely wounded.
The gnoll hits you from afar with a halberd of freezing!
You feel yourself slow down. The gnoll freezes you.
The gnoll completely misses you.
Casting: Sticks to Snakes
Confirm with . or Enter, or press ? or * to list all spells.
You create a snake!
You now have 69 arrows.
The gnoll hits you from afar with a halberd of freezing!
* * * LOW HITPOINT WARNING * * *
The gnoll freezes you.
* * * LOW HITPOINT WARNING * * *
The gnoll hits you but does no damage. The gnoll hits you with a club.
You die...

##...##≈§≈§§≈≈≈§§≈§
#.....#≈§§§§§≈≈..≈≈
#.....#§≈≈§§≈§≈§.§≈
+.....'§§§§....§≈..
#.....'........≈§..
#.g...#≈§≈≈≈§≈≈..§≈
##gg!##≈§≈≈§≈≈§.§§§
##g####≈≈≈§≈≈§§.§§≈
+.@...##§§§§≈§§..§≈
#S.....##§§§§≈≈..≈≈
#......###≈≈≈≈≈..≈§
##....#####§≈≈≈..≈≈
####....###.##≈§§§.≈≈
#............####''##
#....<...............
+....................
#....................


You could see 4 gnolls and a friendly ball python.

Vanquished Creatures
  Ijyb (D:2)
  4 adders
  An ooze (D:1)
  A worm (D:3)
  A dart slug (D:2)
  2 leopard geckos (D:1)
  3 orcs (D:3)
  4 giant cockroaches
  5 goblins
  4 hobgoblins
  11 kobolds
  A ball python (D:2)
  13 bats
  6 frilled lizards
  9 rats
66 creatures vanquished.

Vanquished Creatures (collateral kills)
  2 bats (D:3)
2 creatures vanquished.

Vanquished Creatures (others)
  A human (D:3)
1 creature vanquished.

Grand Total: 69 creatures vanquished

Notes
Turn   | Place    | Note
-------+----------+-------------------------------------------
     0 | D:1      | Drleta the Draconian Transmuter began the quest for the Orb.
     0 | D:1      | Reached XP level 1. HP: 16/16 MP: 3/3
   450 | D:1      | Reached XP level 2. HP: 22/23 MP: 5/5
  1285 | D:1      | Reached skill level 1 in Stealth
  1285 | D:1      | Reached XP level 3. HP: 24/28 MP: 6/6
  1509 | D:1      | Learned a level 2 spell: Sticks to Snakes
  2070 | D:2      | Noticed Ijyb
  2100 | D:2      | Killed Ijyb
  2100 | D:2      | Reached XP level 4. HP: 33/36 MP: 7/7
  2286 | D:2      | Reached skill level 4 in Unarmed Combat
  3723 | D:3      | Found an ancient bone altar of Kikubaaqudgha.
  3726 | D:3      | Noticed a human
  3728 | D:3      | Killed a human
  4269 | D:4      | Slain by a gnoll

Skill      XL: |  1  2  3  4 |
---------------+-------------+-----
Dodging        | 2 |  2.4
Stealth        | 1 |  1.7
Fighting       | 2 |  2.2
Unarmed Combat | 4 |  4.2
Spellcasting   | |  2.1
Transmutations | |  2.2

Action                   |  1- 3 |  4- 6 || total
-------------------------+-------+-------++-------
Melee: Unarmed           |   153 |   101 ||   254
       Tailslap          |    22 |     9 ||    31
       Kick              |     5 |       ||     5
       Punch             |     2 |     1 ||     3
       Headbutt          |     1 |     3 ||     4
 Fire: Blowgun           |       |     3 ||     3
 Cast: Beastly Appendage |     6 |     4 ||    10
       Sticks to Snakes  |       |     4 ||     4
  Use: Scroll            |     5 |     5 ||    10
 Stab: Sleeping          |     4 |     1 ||     5
  Eat: Chunk             |     3 |     3 ||     6
       Bread ration      |       |     1 ||     1
       Fruit             |       |     1 ||     1
Armor: Skin              |    73 |    36 ||   109
Dodge: Dodged            |   125 |    70 ||   195
